Map: [ESL] Site Delta

Players

Elazer - Winner!

  • Race: Zerg Zerg
  • Spawn Location: 11:00

Mixu

  • Race: Zerg Zerg
  • Spawn Location: 5:00

Event: ESL Spring 2024 Finals

VOD

Have the link to the VOD?

Description

Time

  • Played on: May 31, 2024, 11:48 a.m.
  • Length: 12:36

All games in this series

Show
View Real Time Build Order
Export as new Build Order

Elazer Zerg - Winner!

Build Orders: 1 Base Baneling Bust, Pool First 

Get SALT Encoding   

  12  0:00  Drone  
  13  0:10  Extractor  
  12  0:24  Spawning Pool  
  11  0:29  Drone  
  11  0:33  Drone  
  13  0:40  Drone  
  14  0:51  Overlord  
  14  1:10  Zergling x4, Metabolic Boost  
  16  1:15  Zergling x2  
  17  1:24  Zergling x2  
  18  1:32  Baneling Nest  
  17  1:40  Zergling x2  
  18  1:48  Zergling x2  
  19  1:56  Zergling x2  
  20  2:06  Zergling x2  
  21  2:15  Baneling x2  
  21  2:18  Hatchery  
  20  2:24  Zergling x2  
  21  2:40  Zergling x2  
  21  2:42  Overlord  
  18  3:08  Zergling x4  
  18  3:11  Queen  
  18  3:12  Baneling  
  21  3:14  Zergling x2  
  21  3:27  Zergling x2  
  18  3:34  Drone x2  
  18  3:38  Queen  
  22  3:42  Drone x2  
  23  3:56  Drone x2  
  25  4:06  Drone x2  
  26  4:16  Drone x2  
  27  4:24  Drone  
  27  4:25  Drone  
  27  4:26  Drone  
  27  4:27  Drone x2  
  32  4:41  Drone  
  32  4:42  Overlord  
  32  4:44  Baneling  
  33  4:46  Hatchery  
  33  4:50  Drone x2  
  34  4:53  Drone  
  35  5:02  Drone, Overlord  
  35  5:03  Drone x2  
  35  5:05  Zergling x2  
  39  5:07  Zergling x2  
  39  5:12  Zergling x2  
  41  5:18  Queen  
  41  5:20  Overlord  
  43  5:22  Zergling x2  
  43  5:23  Zergling x2  
  43  5:27  Drone, Zergling x2  
  43  5:28  Drone  
  47  5:31  Drone x2  
  49  5:35  Drone x2  
  49  5:39  Drone  
  52  5:46  Roach Warren, Overlord  
  50  5:58  Drone x3  
  50  6:04  Drone x6  
  58  6:06  Drone  
  58  6:10  Zergling x2  
  59  6:14  Zergling x2  
  60  6:19  Zergling x2  
  60  6:21  Zergling x2  
  60  6:23  Zergling x2  
  62  6:26  Baneling x3  
  62  6:28  Roach  
  64  6:36  Roach x5  
  64  6:38  Zergling x4  
  64  6:39  Queen  
  73  6:44  Zergling x4  
  74  6:50  Extractor  
  74  6:51  Extractor  
  74  6:52  Roach  
  74  6:55  Overlord x3  
  74  6:59  Lair  
  74  7:13  Drone x7  
  74  7:14  Drone x2  
  82  7:18  Drone  
  82  7:21  Drone  
  84  7:23  Evolution Chamber  
  84  7:28  Overlord  
  83  7:30  Extractor, Roach x3  
  83  7:31  Extractor  
  83  7:33  Spine Crawler, Roach x3  
  83  7:34  Spine Crawler, Roach  
  93  7:38  Roach  
  93  7:40  Ravager  
  93  7:42  Overlord  
  96  7:45  Roach  
  96  7:46  Roach  
  96  7:51  Overlord  
  100  7:55  Drone  
  100  7:56  Extractor  
  100  7:57  Drone x2  
  100  7:58  Drone  
  103  7:59  Drone x2  
  103  8:01  Drone, Zerg Missile Weapons Level 1  
  103  8:02  Overlord  
  103  8:05  Drone x2, Glial Reconstitution  
  110  8:13  Drone x5  
  110  8:19  Hatchery  
  114  8:20  Pneumatized Carapace  
  114  8:24  Drone  
  114  8:25  Drone, Overlord, Evolution Chamber  
  115  8:31  Roach x7  
  129  8:39  Overlord  
  129  8:40  Overlord  
  129  8:43  Queen  
  129  8:47  Roach x3  
  137  8:50  Overlord  
  137  8:51  Overlord  
  137  8:56  Zerg Ground Armor Level 1  
  137  8:59  Overseer  
  137  9:01  Overlord  
  137  9:06  Roach x4  
  145  9:10  Roach x4  
  145  9:15  Roach x4  
  160  9:19  Roach  
  160  9:20  Roach  
  163  9:28  Overlord x3  
  163  9:29  Roach x3  
  169  9:37  Overlord  
  169  9:40  Roach x3  
  174  9:47  Roach x4  
  174  9:48  Ravager  
  174  9:51  Ravager, Roach  
  186  9:53  Roach  
  186  9:54  Roach x2  
  186  9:58  Baneling x3  
  186  9:59  Baneling x3  
  192  10:00  Roach x4  
  200  10:07  Infestation Pit  
  200  10:08  Zerg Missile Weapons Level 2  
  200  10:11  Spine Crawler x2  
  197  10:16  Drone x3  
  199  10:29  Roach  
  154  10:46  Roach x18  
  180  10:54  Hive  
  180  10:55  Roach x3  
  172  10:59  Roach x2  
  172  11:02  Roach  
  172  11:03  Roach  
  176  11:09  Ravager x2  
  178  11:11  Ravager  
  178  11:13  Extractor  
  178  11:16  Drone x2  
  178  11:17  Drone  
  179  11:18  Ravager  
  179  11:23  Roach x4  
  188  11:29  Baneling x2  
  186  11:40  Roach x3  
  186  11:41  Overlord x2  
  185  11:56  Roach x3  
  190  12:01  Ravager  
  190  12:04  Roach x5  
  190  12:05  Roach  
  190  12:08  Roach x7  
Show
View Real Time Build Order
Export as new Build Order

Mixu Zerg 

Build Orders: Hatch First 

Get SALT Encoding   

  12  0:00  Drone  
  13  0:12  Overlord  
  13  0:20  Drone  
  14  0:30  Drone  
  14  0:31  Drone  
  16  0:49  Hatchery  
  15  0:52  Drone  
  15  0:55  Drone  
  17  0:58  Drone  
  18  1:08  Extractor  
  17  1:13  Spawning Pool  
  17  1:17  Drone  
  17  1:19  Drone  
  18  1:28  Drone  
  19  1:41  Drone  
  20  1:50  Drone  
  21  2:00  Queen  
  21  2:01  Queen  
  25  2:02  Zergling x2, Overlord  
  26  2:12  Drone  
  28  2:17  Spine Crawler  
  28  2:19  Baneling Nest  
  28  2:21  Zergling x2  
  26  2:23  Zergling x2  
  27  2:32  Zergling x2  
  28  2:40  Zergling x2  
  28  2:43  Zergling x2  
  28  2:44  Evolution Chamber  
  27  2:51  Zergling x2  
  27  3:03  Zergling x4  
  27  3:05  Baneling x2  
  26  3:08  Zergling x2  
  25  3:14  Zergling x2  
  25  3:16  Baneling  
  27  3:20  Zergling x2  
  26  3:28  Zergling x4  
  26  3:34  Zergling x2  
  25  3:39  Baneling  
  25  3:40  Drone x2  
  26  3:47  Drone  
  26  3:52  Drone  
  27  3:57  Queen  
  27  4:02  Drone  
  30  4:07  Spore Crawler  
  29  4:18  Drone x3  
  29  4:22  Drone x2  
  33  4:40  Hatchery  
  33  4:42  Drone  
  33  4:46  Metabolic Boost  
  33  4:50  Overlord  
  33  4:53  Drone  
  33  4:57  Drone  
  33  4:59  Drone  
  36  5:08  Queen  
  36  5:09  Drone x2  
  36  5:12  Drone  
  41  5:15  Drone  
  41  5:18  Overlord  
  41  5:20  Drone  
  43  5:21  Drone  
  43  5:35  Evolution Chamber  
  42  5:36  Drone  
  42  5:37  Overlord  
  42  5:39  Drone x4  
  42  5:41  Baneling x2  
  42  5:42  Zergling x2  
  48  5:45  Zergling x2  
  48  5:46  Baneling  
  49  5:50  Queen  
  49  5:52  Zergling x2  
  52  5:58  Zergling x4  
  52  6:04  Drone x2  
  56  6:09  Drone  
  56  6:11  Baneling  
  57  6:14  Extractor  
  57  6:15  Zergling x8  
  57  6:16  Roach Warren  
  57  6:19  Overlord  
  57  6:21  Drone x4  
  61  6:26  Zerg Missile Weapons Level 1  
  61  6:29  Drone x2  
  61  6:32  Drone  
  64  6:33  Extractor  
  64  6:38  Drone  
  60  6:44  Drone x2  
  60  6:45  Drone x2  
  61  6:48  Overlord  
  61  6:57  Roach x4  
  68  7:04  Overlord  
  68  7:06  Roach  
  70  7:08  Roach  
  70  7:09  Roach  
  73  7:16  Roach x4  
  73  7:21  Overlord  
  79  7:23  Drone x6  
  79  7:26  Lair  
  79  7:28  Extractor  
  84  7:31  Overlord  
  84  7:33  Drone x2  
  86  7:43  Baneling x4  
  86  7:44  Drone x5  
  91  7:47  Extractor  
  91  7:49  Drone x4  
  94  7:58  Evolution Chamber  
  94  8:00  Drone  
  94  8:01  Overlord  
  94  8:03  Drone  
  94  8:04  Extractor  
  94  8:06  Drone x3  
  94  8:09  Overlord x2  
  94  8:10  Roach  
  99  8:16  Roach x3  
  105  8:20  Overlord x2  
  105  8:21  Roach x3  
  105  8:25  Zerg Missile Weapons Level 2  
  111  8:27  Overseer, Roach  
  111  8:31  Roach x2  
  111  8:32  Drone, Overlord  
  118  8:35  Roach  
  120  8:42  Roach x3  
  120  8:48  Glial Reconstitution  
  126  8:50  Roach  
  126  8:51  Roach x4  
  136  8:58  Roach x4  
  136  9:02  Roach x3  
  150  9:07  Roach x2  
  154  9:14  Overlord  
  154  9:17  Spore Crawler, Ravager  
  153  9:20  Hatchery, Overlord x2  
  151  9:27  Roach  
  151  9:28  Overlord x2  
  153  9:31  Ravager  
  153  9:34  Overlord x2  
  154  9:39  Roach x5  
  154  9:45  Roach x2  
  160  9:50  Roach  
  160  9:51  Drone x3  
  165  9:53  Roach x3  
  165  9:54  Ravager x2  
  165  9:55  Ravager  
  165  9:56  Roach  
  165  9:58  Roach  
  178  10:01  Roach x2  
  178  10:03  Roach  
  184  10:13  Spore Crawler, Roach x3  
  189  10:18  Roach  
  193  10:21  Roach x4  
  199  10:33  Roach x6  
  195  10:40  Drone x3  
  160  10:46  Roach x4  
  160  10:49  Roach x2  
  154  10:52  Roach  
  150  10:57  Roach x2  
  151  11:05  Roach x5  
  151  11:07  Ravager x2  
  163  11:14  Roach x3  
  163  11:17  Roach  
  163  11:18  Roach  
  173  11:24  Roach x3  
  179  11:29  Roach x2  
  182  11:34  Roach x4  
  190  11:40  Drone x2  
  190  11:44  Roach x2  
  186  11:48  Roach x2  
  186  11:54  Roach x2  
  188  11:58  Roach  
  184  12:02  Overseer  
  184  12:03  Roach  
  184  12:04  Roach x2  
  170  12:08  Roach  
  170  12:14  Roach x5  
  168  12:19  Ravager  
Tags
 
Add a new tag
Caveats
  • Supply blocks, unpowered buildings, or Contaminate may cause inaccurate times.
  • Supply counts are checked every 10 seconds.